AoeStats
← Gelo9993893

Arena

504057885Analyzed
1v1 RM · 29d ago on Sep 3, 2026· 68m 7s· 2 players
Game mode
Random Map
Map size
Tiny (2 player)
Population
200
Speed
Normal
Resources
Standard
Victory
Conquest
Starting age
Dark Age
Ending age
Imperial Age
RankedLock teamsTeams togetherTeam positionsShared explorationLock speedFull tech treeHidden civsTurbo modeCheats
Victory
Defeat
🇨🇳 Chinese · China
531
+15
🇵🇱 Bohemians · Poland
504
-15
Gelo9993893
10:17 Feudal Age
12:31 Double-Bit Axe
14:37 Horse Collar
20:06 Castle Age
21:15 Bow Saw
22:03 Wheelbarrow
29:30 Heavy Plow
37:40 Imperial Age
42:36 Cavalier
58:20 Pikeman
60:19 Halberdier
65:52 Crossbowman
2307142
10:15 Feudal Age
11:38 Wheelbarrow
12:07 Horse Collar
13:00 Gold Mining
13:18 Double-Bit Axe
15:33 Man-at-Arms
21:06 Castle Age
20:47 Bloodlines
22:42 Hand Cart
25:11 Husbandry
25:32 Stone Mining
26:34 Long Swordsman
26:34 Pikeman
27:14 Squires
28:14 Bow Saw
28:49 Stone Shaft Mining
28:52 Gold Shaft Mining
36:53 Light Cavalry
38:38 Heavy Plow
50:22 Imperial Age
50:40 Two-Handed Swordsman
50:41 Halberdier
50:42 Elite Fire Lancer
51:07 Arson
52:12 Champion
53:51 Cavalier
57:19 Chemistry
57:59 Scale Barding Armor
57:55 Scale Mail Armor
57:55 Padded Archer Armor
57:46 Fletching
58:20 Ballistics
63:33 Coinage
63:58 Town Watch
63:59 Loom
68:21 Chain Barding Armor
68:16 Chain Mail Armor
68:17 Leather Archer Armor
67:57 Bodkin Arrow
68:13 Forging
Connection lost

Rejoining the realm…

Still unreachable

The connection could not be restored.

Session expired

The server has moved on; the page needs a fresh start.